 Dungeon Crawl Stone Soup version 0.30-a0-722-g3e6e8c874d (webtiles) character file.

Game seed: 7208796387231869148

2406 jimonade the Covert (level 9, -2/45 HPs)
             Began as a Vine Stalker Brigand on Jan 28, 2023.
             Was an Initiate of Ashenzari.
             Shot with a sling bullet by Joseph (9 damage)
             ... on level 7 of the Dungeon.
             The game lasted 00:16:00 (6112 turns).

jimonade the Covert (Vine Stalker Brigand)          Turns: 6112, Time: 00:16:00

Health: -2/45      AC:  7    Str: 14    XL:     9   Next: 47%
Magic:  0/16       EV: 11    Int: 11    God:    Ashenzari [......]
Gold:   520        SH:  0    Dex: 20    Spells: 17/17 levels left

rFire   . . .      SeeInvis .    b - +2 rapier (venom)
rCold   . . .      Faith    .    (no shield)
rNeg    . . .      Spirit   +    i - +0 robe
rPois   .          Reflect  .    K - +2 hat
rElec   .          Harm     .    C - +1 cloak
rCorr   .          Rampage  .    O - +0 pair of gloves
Will    +....                    (no boots)
Stlth   ++++                     (no amulet)
HPRegen 1.07/turn                M - ring of wizardry
MPRegen 0.15/turn                (no ring)

@: no status effects
A: fangs 3, regeneration 1, magic shield, antimagic bite, no potion heal 2
a: Renounce Religion, Curse Item


You were on level 7 of the Dungeon.
You worshipped Ashenzari.
Ashenzari was noncommittal.
You visited 2 branches of the dungeon, and saw 8 of its levels.
You also visited: Sewer.

You collected 520 gold pieces.

Inventory:

Hand Weapons
 a - a +4 dagger
 b - a +2 rapier of venom (weapon)
 k - a +2 heavy hand axe
 u - a +2 dagger
 y - a +2 vampiric short sword
Missiles
 d - 22 poisoned darts (quivered)
 e - 3 curare-tipped darts
 N - 5 javelins
Armour
 f - a +0 leather armour
 i - a +0 robe (worn)
 l - a +1 ring mail of positive energy
 o - a +0 helmet
 C - a +1 cloak (worn)
 G - a +0 chain mail of fire resistance
 K - a +2 hat (worn)
 O - a +0 pair of gloves (worn)
Magical Staves
 j - a staff of fire
Jewellery
 h - the ring of Xom's Full Attention {rC+ Will- rCorr Str+5}
   (You found it on level 6 of the Dungeon)

   [ring of protection from cold]

   Str:       It affects your strength (+5).
   rC:        It protects you from cold.
   rCorr:     It protects you from acid and corrosion.
   Will:      It decreases your willpower.
 M - a ring of wizardry (left hand)
Wands
 D - a wand of polymorph (6)
 P - a wand of acid (6)
Scrolls
 n - 3 scrolls of brand weapon {unknown}
 q - 4 scrolls of vulnerability {unknown}
 t - 4 scrolls of teleportation {unknown}
 w - a scroll of enchant armour {unknown}
 A - a scroll of amnesia {unknown}
 B - a scroll of enchant weapon {unknown}
 F - a scroll of torment {unknown}
 H - 2 scrolls of silence {unknown}
 J - 2 scrolls of magic mapping {unknown}
Potions
 g - 2 potions of lignification
 m - 3 potions of mutation
 p - 3 potions of heal wounds {unknown}
 r - 3 potions of haste
 s - 6 potions of curing
 v - 6 potions of brilliance
 x - 2 potions of attraction {unknown}
 z - 6 potions of flight
 E - a potion of ambrosia {unknown}
 I - a potion of degeneration {unknown}
 L - 2 potions of berserk rage {unknown}


   Skills:
 + Level 4.1 Fighting
 * Level 8.2 Short Blades
 + Level 2.1 Throwing
 - Level 0.7 Dodging
 + Level 9.2 Stealth
 * Level 4.5 Spellcasting


You had 17 spell levels left.
You didn't know any spells.
Your spell library contained the following spells:

 Spells                   Type           Power      Damage    Failure   Level
 Shock                    Conj/Air       8%         1d3       9%          1
 Lesser Beckoning         Tloc           4%         N/A       14%         2
 Static Discharge         Conj/Air       4%         2-3/arc   14%         2
 Gell's Gravitas          Tloc           2%         N/A       26%         3
 Stone Arrow              Conj/Erth      4%         3d7       26%         3
 Swiftness                Air            2%         N/A       26%         3
 Teleport Other           Tloc           2%         N/A       26%         3
 Vhi's Electric Charge    Tloc/Air       4%         N/A       26%         3
 Airstrike                Air            1%         2d(1-17)  63%         4
 Animate Armour           Summ/Erth      4%         N/A       63%         4
 Arcjolt                  Conj/Air       1%         1d11      91%         5
 Lightning Bolt           Conj/Air       1%         1d12      91%         5
 Lehudib's Crystal Spear  Conj/Erth      1%         10d2      100%        8


Dungeon Overview and Level Annotations

Branches:
Dungeon (7/15)             Temple (1/1) D:4           Sewer (visited)

Altars:
Ashenzari
Dithmenos
Elyvilon
Fedhas
Gozag
Kikubaaqudgha
Makhleb
Nemelex Xobeh
Okawaru
Ru
Trog
Uskayaw
Vehumet
Wu Jian
Xom
Zin

Shops:
D:1 !   D:3 ?   D:7 ?

Annotations:
D:7 Joseph


Innate Abilities, Weirdness & Mutations

You have razor-sharp teeth.
Your natural rate of healing is unusually fast.
When hurt, damage is shared between your health and your magic reserves.
Your bite disrupts and absorbs the magic of your enemies.
Potions cannot restore your health.


Message History

An orc comes into view. It is wielding a +0 flail.
Things that are here:
a +0 flail; an orc corpse 3 orcs come into view.
An orc is wielding a +2 dagger of speed and quivering silver boomerangs.
The helpless Joseph fails to defend himself.
You skewer Joseph like a kebab!!! You bite Joseph. You drain his power.
Joseph is almost dead.
Joseph closely misses you.
You closely miss Joseph. Your bite misses Joseph.
Joseph is almost dead.
The orc shouts!
Joseph hits you with a +0 quarterstaff!
The orc shouts!
You closely miss Joseph.
The orc shouts! x2
You bite Joseph, but do no damage.
Joseph is almost dead.
Joseph hits you with a +0 quarterstaff!
The orc throws a silver boomerang.
The silver boomerang misses you.
Joseph unwields a +0 quarterstaff.
Joseph wields a +0 sling.
Joseph shoots a sling bullet.
The sling bullet hits you! The orc barely misses you.
A necrophage comes into view.
The orc hits you with a +0 short sword. The orc attacks as you move away!
The orc completely misses you.
Things that are here:
a +0 flail; an orc corpse You are too injured to fight recklessly!
You hit the orc.
The orc is poisoned.
You bite the orc.
You kill the orc!
Joseph shoots a sling bullet.
The sling bullet hits you.
Joseph shoots a sling bullet.
The sling bullet hits you.
* * * LOW HITPOINT WARNING * * *
Joseph shoots a sling bullet.
The sling bullet barely misses you.
Joseph shoots a sling bullet.
The sling bullet hits you!
* * * LOW HITPOINT WARNING * * *
Joseph shoots a sling bullet.
The sling bullet barely misses you.
Joseph shoots a sling bullet.
The sling bullet hits you!
You die...

#######.########.########.####
..(.........................>#
#######.########.#####.##....#
#.# #.#####.#.)#### #.#
#.......)..# #.# ######.....#
#.# ###..##### #.# ###....#
#.# ###@..##.# #...####.# #.
####.### #.# #. #....# #.#
#.###.#### #.# #.#...# #.#
#.#@### .# #.#)# #.#)#


You could see Joseph.

Vanquished Creatures
  A hornet (D:7)
  Sigmund (D:2)
  A wyvern (D:4)
  A black bear (D:6)
  An orc warrior (D:5)
  A sky beast (D:7)
  An ogre (D:4)
  A phantom (D:5)
  3 bullfrogs
  3 necrophages (D:4)
  2 scorpions
  4 quasits (D:6)
  Crazy Yiuf (D:3)
  A jelly (D:6)
  An orc priest (D:6)
  7 hounds
  2 iguanas
  Ijyb (D:4)
  7 orc wizards
  2 gnolls
  5 adders
  2 river rats
  A shadow imp (D:6)
  6 white imps
  5 ufetubi (D:6)
  2 worms
  2 dart slugs
  27 orcs
  7 ball pythons
  4 endoplasms
  6 giant cockroaches
  11 goblins
  8 hobgoblins
  4 jackals (D:1)
  6 quokkas
  8 bats
  4 frilled lizards
  17 kobolds
  9 rats
176 creatures vanquished.

Vanquished Creatures (others)
  5 demonic plants (D:6)
  3 fungi (D:3)
8 creatures vanquished.

Grand Total: 184 creatures vanquished

Notes
Turn   | Place    | Note
-------+----------+-------------------------------------------
     0 | D:1      | jimonade the Vine Stalker Brigand began the quest for the
                  | Orb.
     0 | D:1      | Reached XP level 1. HP: 11/11 MP: 2/2
    19 | D:1      | Reached skill level 5 in Stealth
   190 | D:1      | Reached XP level 2. HP: 14/15 MP: 3/3
   477 | D:1      | Reached XP level 3. HP: 17/18 MP: 4/4
   588 | D:1      | Found Oskylamn's Distillery.
  1007 | D:2      | Noticed a floating eye
  1009 | D:2      | Found a faded altar of an unknown god.
  1010 | D:2      | Noticed a golden eye
  1010 | D:2      | Noticed a shining eye
  1010 | D:2      | Noticed a floating eye
  1034 | D:2      | Noticed Sigmund
  1037 | D:2      | Killed Sigmund
  1038 | D:2      | Reached skill level 6 in Stealth
  1038 | D:2      | Reached skill level 1 in Spellcasting
  1038 | D:2      | Gained mutation: Your natural rate of healing is unusually
                  | fast. [Vine Stalker growth]
  1038 | D:2      | Reached XP level 4. HP: 23/23 MP: 5/7
  1038 | D:2      | Reached XP level 5. HP: 26/26 MP: 5/8
  1158 | D:2      | Reached XP level 6. HP: 28/30 MP: 7/9
  1877 | D:3      | Identified a scroll of acquirement
  1877 | D:3      | Acquired a +2 rapier of venom
  2090 | D:3      | Found an iron altar of Okawaru.
  2186 | D:3      | Found a glowing drain.
  2213 | Sewer    | Entered a sewer
  2767 | D:3      | Found Necrig's Magic Scroll Emporium.
  2931 | D:3      | Found a runed translucent door.
  2932 | D:3      | Noticed Crazy Yiuf
  2939 | D:3      | Killed Crazy Yiuf
  2940 | D:3      | Reached XP level 7. HP: 35/35 MP: 11/11
  2977 | D:4      | Noticed a wyvern
  2979 | D:4      | Reached skill level 7 in Stealth
  2989 | D:4      | Killed a wyvern
  2990 | D:4      | Reached skill level 5 in Short Blades
  3144 | D:4      | Noticed Ijyb
  3146 | D:4      | Killed Ijyb
  3213 | D:4      | Gained mutation: You have razor-sharp teeth. [Vine Stalker
                  | growth]
  3213 | D:4      | Reached XP level 8. HP: 40/40 MP: 13/13
  3244 | D:4      | Found an opulent altar of Gozag.
  3293 | D:4      | Found a broken altar of Ashenzari.
  3334 | D:4      | Found a staircase to the Ecumenical Temple.
  3347 | Temple   | Entered the Ecumenical Temple
  3444 | D:4      | Became a worshipper of Ashenzari the Shackled
  3623 | D:4      | Found a sacrificial altar of Ru.
  3828 | D:5      | Entered Level 5 of the Dungeon
  3972 | D:5      | Reached skill level 8 in Stealth
  5210 | D:6      | Reached XP level 9. HP: 44/44 MP: 15/15
  5467 | D:6      | Identified the ring of Xom's Full Attention {rC+ Will-
                  | rCorr Str+5}
  5815 | D:6      | Found a shimmering altar of Xom.
  5815 | D:6      | Found a hide-covered altar of Uskayaw.
  5821 | D:6      | Reached skill level 9 in Stealth
  5857 | D:7      | Found Daon's Magic Scroll Shop.
  5943 | D:7      | Noticed a hornet
  5952 | D:7      | Killed a hornet
  6089 | D:7      | Noticed Joseph
  6112 | D:7      | Shot with a sling bullet by Joseph

Illustrated notes

Levels and vault maps discovered:
D:1:      minmay_arrival_four_circles, layout_loops_ring, serial_shops,
          nicolae_shop_waterfront
D:2:      layout_basic, hellmonk_ecumenical_altar_watching_god,
          bh_walls_and_bars, uniq_sigmund
D:3:      layout_rooms, nicolae_overflow_hidden_temple,
          okawaru_metal_pillars_1_2, portal_sewer_entry_b, serial_shops,
          nicolae_shop_hallway_plus, cheibrodos_gnoll_hut,
          uniq_crazy_yiuf_cottage
D:4:      layout_cave_pools, nicolae_gozag_cash_rules_everything_around_me,
          marbit_many_paths, lemuel_coloured_pillars_altar,
          minmay_temple_entry_antechambers, kennysheep_generic_room_6, uniq_ijyb
D:5:      layout_loops_ring, amcnicky_mini_rare_corridor_liquid
D:6:      layout_loops_ring, gammafunk_temple_overflow_pools, serial_demonic,
          serial_demonic_e, serial_demonic_g, serial_demonic_f,
          serial_demonic_f, serial_demonic_a
D:7:      layout_basic, serial_shops, nicolae_shop_waterfront, shop, uniq_joseph
Temple:   nicolae_temple_ecumenical_triangle

Skill      XL: |  1  2  3  4  5  6  7  8  9 |
---------------+----------------------------+-----
Stealth        | 5 6 7 8 9 |  9.2
Throwing       | 2 |  2.1
Short Blades   | 2 3 4 5 7 8 |  8.2
Fighting       | 2 3 4 |  4.1
Spellcasting   | 1 2 3 4 |  4.5
Dodging        | |  0.7

Action                     |  1- 3 |  4- 6 |  7- 9 || total
---------------------------+-------+-------+-------++-------
  Melee: Dagger            |    98 |   152 |       ||   250
         Bite              |    18 |    37 |    60 ||   115
         Punch             |     1 |       |     4 ||     5
         Rapier            |       |    18 |   237 ||   255
    Use: Scroll            |       |     4 |     4 ||     8
   Stab: Sleeping          |     9 |     8 |    20 ||    37
         Distracted        |       |       |     1 ||     1
 Armour: Robe              |    34 |    52 |    85 ||   171
  Dodge: Dodged            |    52 |   106 |   123 ||   281

Table legend: (Time is in decaauts)
 A = Elapsed time spent in this place.
 B = Non-inter-level travel time spent in this place.
 C = Inter-level travel time spent in this place.
 D = Time resting spent in this place.
 E = Time spent auto-exploring this place.
 F = Levels seen in this place.
 G = Mean time per level.
                   A        B        C        D        E       F      G
               +--------+--------+--------+--------+--------+-----+--------+
         Total |   6125 |   5828 |    297 |    513 |   3755 |   9 |  680.6 |
       Dungeon |   5693 |   5403 |    290 |    511 |   3550 |   7 |  813.3 |
        Temple |     46 |     39 |      7 |      0 |     34 |   1 |   46.0 |
         Sewer |    385 |    385 |      0 |      2 |    170 |   1 |  385.0 |
               +--------+--------+--------+--------+--------+-----+--------+

Top non-repeatable levels by time:
     D:2: 1109 daAuts
     D:5: 1030 daAuts
     D:6: 982 daAuts
     D:3: 812 daAuts
     D:1: 770 daAuts
     D:4: 740 daAuts
   Sewer: 385 daAuts
     D:7: 247 daAuts
  Temple: 46 daAuts
